 Dungeon Crawl Stone Soup version 0.21.0-3-g78d12a8 (webtiles) character file.

440 Dfrag the Firebug (level 6, -5/41 HPs)
             Began as a Demonspawn Fire Elementalist on Jan 11, 2018.
             Slain by Duvessa
             ... wielding a +1 short sword of venom
              (9 damage)
             ... on level 4 of the Dungeon.
             The game lasted 00:05:30 (2731 turns).

Dfrag the Firebug (Demonspawn Fire Elementalist)    Turns: 2731, Time: 00:05:31

Health: -5/41      AC:  3    Str:  8    XL:     6   Next: 70%
Magic:  5/12       EV: 12    Int: 19    God:
Gold:   128        SH:  0    Dex: 15    Spells: 5/13 levels left

rFire    . . .     SeeInvis .   r - +2 mace (protect)
rCold    + . .     Gourm    .   (no shield)
rNeg     . . .     Faith    .   a - +0 robe
rPois    .         Spirit   .   p - +0 helmet (curse)
rElec    .         Reflect  .   (no cloak)
rCorr    +         Harm     .   (no gloves)
MR       .....     Rnd*Tele +   (no boots)
Stlth    ++........             (no amulet)
HPRegen  0.13/turn              n - ring of resist corrosion
MPRegen  0.13/turn              g - ring of teleportation (curse)

@: lethally poisoned (-5 -> -50)
A: hooves 1, thin skeletal structure 1, cold resistance 1, freezing cloud
immunity
a: no special abilities


You were on level 4 of the Dungeon.
You were very hungry.

You visited 1 branch of the dungeon, and saw 4 of its levels.

You collected 128 gold pieces.

Inventory:

Hand Weapons
 m - a +0 dagger of flaming
 r - a +2 mace of protection (weapon)
Armour
 a - a +0 robe (worn)
 p - a cursed +0 helmet (worn)
Jewellery
 g - a cursed ring of teleportation (right hand)
 n - a ring of resist corrosion (left hand)
Scrolls
 f - a scroll of magic mapping {unknown}
 i - 3 scrolls of remove curse {unknown}
 j - 3 scrolls of immolation {unknown}
 k - a scroll of fear {unknown}
 l - 3 scrolls of identify {unknown}
Potions
 d - 2 potions of heal wounds
 e - a potion of cancellation {unknown}
 h - 3 potions of agility {unknown}
 o - a potion of lignification {unknown}
Books
 b - a book of Flames

   Spells                             Type                      Level
   a - Flame Tongue                   Conjuration/Fire             1
   b - Throw Flame                    Conjuration/Fire             2
   c - Conjure Flame                  Conjuration/Fire             3
   d - Inner Flame                    Hexes/Fire                   3
   e - Sticky Flame                   Conjuration/Fire             4
   f - Fireball                       Conjuration/Fire             5
Comestibles
 c - 8 rations


   Skills:
 - Level 1.7 Dodging
 - Level 1.7 Stealth
 + Level 4.1 Spellcasting
 + Level 4.0 Conjurations
 + Level 4.5 Fire Magic


You had 5 spell levels left.
You knew the following spells:

 Your Spells              Type           Power        Failure   Level  Hunger
a - Flame Tongue          Conj/Fire      ###..        2%          1    None
b - Conjure Flame         Conj/Fire      ###.....     7%          3    ###....
c - Sticky Flame          Conj/Fire      ###.....     22%         4    ####...


Dungeon Overview and Level Annotations

Branches:
Dungeon (4/15)
 Temple: D:4-7

Altars:
Xom
Zin

Annotations:
D:4 Dowan, Duvessa


Innate Abilities, Weirdness & Mutations

You have large cloven feet.
You have a somewhat thin skeletal structure. (Dex +2, Stealth)
Your flesh is cold resistant. (rC+)
You are immune to freezing clouds.


Message History

Casting: Sticky Flame
Confirm with . or Enter, or press ? or * to list all spells.
Okay, then.
Unknown command.
* * * LOW HITPOINT WARNING * * *
You feel very sick.
Casting: Sticky Flame
Confirm with . or Enter, or press ? or * to list all spells.
Aiming: Sticky Flame
Press: ? - help, Shift-Dir - straight line, f/p - Duvessa
Aim: Duvessa, wielding a short sword of venom and wearing a scale mail (heavily wounded, fast, unusually strong)
The sticky flame hits Duvessa.
Duvessa is severely wounded.
Duvessa is covered in liquid flames!
You are feeling very hungry.
* * * LOW HITPOINT WARNING * * *
You feel very sick.
Duvessa burns!
Duvessa hits you with a short sword of venom!
You die...

##..... .......
#..# ....$..
#...#. .......
#...... .......
....... .....
.......
...##.e####.......
......re@.......#
..#....##..)....#
.........<#.....#
.###....###......#
....#. #..(..#
.#.... ....## .
..#.. .#### ..##.
# ..


You could see Duvessa (burning), Dowan and a quokka.

Vanquished Creatures
  An ice beast (D:3)
  A big kobold (D:3)
  A bullfrog zombie (D:3)
  Natasha (thrice) (D:3)
  Robin (D:2)
  5 adders
  4 oozes
  4 worms (D:3)
  5 orcs (D:3)
  2 giant cockroaches
  12 goblins
  12 hobgoblins
  4 jackals (D:3)
  6 kobolds
  A quokka (D:2)
  3 ball pythons
  12 bats
  4 frilled lizards
  7 rats
88 creatures vanquished.

Notes
Turn   | Place    | Note
-------+----------+-------------------------------------------
     0 | D:1      | Dfrag the Demonspawn Fire Elementalist began the quest for the Orb.
     0 | D:1      | Reached XP level 1. HP: 13/13 MP: 3/3
    62 | D:1      | Gained mutation: You have large cloven feet. [demonic ancestry]
    62 | D:1      | Reached XP level 2. HP: 12/19 MP: 0/5
   518 | D:1      | Gained mutation: Your flesh is cold resistant. (rC+) [demonic ancestry]
   518 | D:1      | Reached XP level 3. HP: 18/24 MP: 4/6
   798 | D:2      | Gained mutation: You are immune to freezing clouds. [demonic ancestry]
   798 | D:2      | Reached XP level 4. HP: 22/30 MP: 4/8
  1339 | D:3      | Noticed a big kobold
  1386 | D:3      | Killed a big kobold
  1386 | D:3      | Reached XP level 5. HP: 8/35 MP: 0/9
  1502 | D:3      | Noticed Robin
  1714 | D:3      | Learned a level 3 spell: Conjure Flame
  1719 | D:3      | Learned a level 4 spell: Sticky Flame
  1767 | D:3      | Noticed an ice beast
  1775 | D:3      | Killed an ice beast
  1775 | D:3      | Gained mutation: You have a somewhat thin skeletal structure. (Dex +2, Stealth) [demonic ancestry]
  1775 | D:3      | Reached XP level 6. HP: 22/41 MP: 3/11
  1821 | D:3      | HP: 2/41 [bullfrog zombie (2)]
  2083 | D:3      | Noticed Natasha
  2095 | D:3      | Killed Natasha
  2196 | D:3      | Found a glowing silver altar of Zin.
  2196 | D:3      | Noticed an angel
  2293 | D:2      | Killed Robin
  2344 | D:3      | Found a shimmering altar of Xom.
  2384 | D:3      | Noticed Natasha
  2391 | D:3      | Killed Natasha
  2409 | D:3      | Noticed Natasha
  2412 | D:3      | Killed Natasha
  2721 | D:4      | Noticed Duvessa
  2722 | D:4      | Noticed Dowan
  2731 | D:4      | Slain by Duvessa

Skill      XL: |  1  2  3  4  5  6 |
---------------+-------------------+-----
Fire Magic     | 3 4 |  4.5
Conjurations   | 2 3 4 |  4.0
Spellcasting   | 3 4 |  4.1
Dodging        | |  1.7
Stealth        | |  1.7

Action                   |  1- 3 |  4- 6 || total
-------------------------+-------+-------++-------
Melee: Unarmed           |     3 |       ||     3
       Dagger            |    54 |   112 ||   166
       Kick              |     6 |    24 ||    30
       Mace              |       |     9 ||     9
 Cast: Flame Tongue      |    28 |    75 ||   103
       Sticky Flame      |       |     6 ||     6
  Use: Potion            |       |     1 ||     1
 Stab: Sleeping          |     3 |     5 ||     8
  Eat: Chunk             |       |     7 ||     7
Armor: Robe              |    14 |    37 ||    51
Dodge: Dodged            |    42 |   123 ||   165
